[Event "Titled Tuesday Blitz February 21 Late 2023"]
[White "Bryakin, Mikhail"]
[Black "Prydun, Andriy"]
[WhiteFideId "4165314"]
[BlackFideId "14145898"]
[WhiteElo "2455"]
[BlackElo "2134"]
[Result "1-0"]
[Round "11"]
[TimeControl "180+2"]
[Date "2023.02.21"]
[WhiteClock "0:00:43"]
[BlackClock "0:00:02"]

1. e4 d5 2. exd5 Qxd5 3. Qf3 Nf6 4. Nc3 Qxf3 5. Nxf3 c6 6. Bc4 Bf5 7. d3 Nbd7 8. h3 e6 9. Bf4 Nd5 10. Bd2 Bb4 11. Nxd5 Bxd2+ 12. Kxd2 exd5 13. Bb3 O-O 14. Rhe1 Rfe8 15. a3 Kf8 16. Ba2 Nc5 17. Nd4 Bg6 18. b4 Ne6 19. Nxe6+ Rxe6 20. Rxe6 fxe6 21. f4 Ke7 22. Re1 Kd6 23. c4 Rf8 24. c5+ Kd7 25. g3 h5 26. h4 b5 27. Bb3 a5 28. bxa5 Ra8 29. Kc3 Rxa5 30. Kb4 Ra8 31. d4 Bd3 32. Ra1 Ke7 33. Bd1 g6 34. a4 bxa4 35. Rxa4 Rb8+ 36. Kc3 Rb1 37. Bb3 Bb5 38. Ra7+ Kf6 39. Rb7 Ba4 40. Rb6 Bxb3 41. Rxb3 Rg1 42. Kb4 Ra1 43. Ra3 Rb1+ 44. Rb3 Ra1 45. Ra3 Rb1+ 46. Ka5 Kf5 47. Re3 Rb2 48. Ka6 Rb1 49. Ka7 Rb2 50. Ra3 Ke4 51. Ra4 Kf3 52. Ra6 Kxg3 53. Rxc6 Kxh4 54. Rxe6 Kg3 55. Rxg6+ Kxf4 56. c6 h4 57. Rh6 Kg4 58. c7 Rc2 59. Kb7 h3 60. Rc6 Rb2+ 61. Ka7 h2 62. c8=Q+ 1-0


[Site "https://www.chess.com"]

[Event "Titled Tuesday Blitz February 21 Late 2023"]
[White "Risteski, Emil"]
[Black "Florescu, Codrut-Constantin"]
[WhiteFideId "15005267"]
[BlackFideId "1202200"]
[WhiteElo "2366"]
[BlackElo "2259"]
[Result "0-1"]
[Round "11"]
[TimeControl "180+2"]
[Date "2023.02.21"]
[WhiteClock "0:00:23"]
[BlackClock "0:00:22"]

1. Nf3 d5 2. d4 e6 3. c4 Nf6 4. g3 Be7 5. Bg2 O-O 6. O-O c6 7. Qc2 Nbd7 8. Rd1 b6 9. b3 Bb7 10. Nc3 Ba6 11. e4 dxc4 12. Ne5 Nxe5 13. dxe5 Nd7 14. f4 Qc7 15. Be3 Nc5 16. Bf1 cxb3 17. axb3 Bxf1 18. Kxf1 a5 19. Rac1 Rad8 20. Rxd8 Rxd8 21. Bxc5 Bxc5 22. Na4 Ba3 23. Rd1 Rxd1+ 24. Qxd1 b5 25. Nc3 Bb4 26. Ne2 Be7 27. Qc2 Qb6 28. f5 Qc5 29. Qb2 Bg5 30. h4 Be3 31. Kg2 h5 32. Qb1 Qxe5 33. Qd3 Bb6 34. Nf4 Qd4 35. Qc2 Qg1+ 36. Kh3 Qh1+ 0-1


[Site "https://www.chess.com"]

[Event "Titled Tuesday Blitz February 21 Late 2023"]
[White "Sarana, Alexey"]
[Black "Sielecki, Christof"]
[WhiteFideId "24133795"]
[BlackFideId "4620437"]
[WhiteElo "2685"]
[BlackElo "2419"]
[Result "1-0"]
[Round "11"]
[TimeControl "180+2"]
[Date "2023.02.21"]
[WhiteClock "0:00:35"]
[BlackClock "0:00:13"]

1. c4 e6 2. Nc3 d5 3. d4 Nf6 4. cxd5 exd5 5. Bf4 Bd6 6. Bxd6 Qxd6 7. e3 c6 8. Bd3 O-O 9. h3 Re8 10. Nf3 Nbd7 11. Qc2 Nf8 12. Ne5 N6d7 13. Nf3 Nb6 14. O-O Be6 15. Rae1 Rad8 16. Nd2 f6 17. Nb3 Bf7 18. f3 Nc4 19. Qf2 Bg6 20. e4 Nb6 21. Nc5 Qc7 22. Bc2 Bf7 23. Bb3 dxe4 24. fxe4 Bxb3 25. axb3 Ne6 26. Nxe6 Rxe6 27. Rd1 Red6 28. d5 Nd7 29. Qxa7 Qb6+ 30. Qxb6 Nxb6 31. Rd4 Nd7 32. Rfd1 Ne5 33. b4 Rc8 34. Ra1 Rdd8 35. Ra7 Rb8 36. Rd1 h6 37. b5 cxd5 38. Nxd5 Kh7 39. Rc1 Rd7 40. b6 f5 41. Nc3 f4 42. Nd5 f3 43. Rc7 fxg2 44. Kxg2 Rf8 45. Raxb7 Rxc7 46. bxc7 1-0


[Site "https://www.chess.com"]

[Event "Titled Tuesday Blitz February 21 Late 2023"]
[White "Ibarra Jerez, Jose Carlos"]
[Black "Maltsevskaya, Aleksandra"]
[WhiteFideId "2226332"]
[BlackFideId "24174041"]
[WhiteElo "2563"]
[BlackElo "2390"]
[Result "1-0"]
[Round "11"]
[TimeControl "180+2"]
[Date "2023.02.21"]
[WhiteClock "0:00:51"]
[BlackClock "0:00:01"]

1. g4 d5 2. Bg2 c6 3. h3 e5 4. d3 Be6 5. Nd2 Nd7 6. e3 Bc5 7. Qe2 Ngf6 8. Ngf3 h6 9. b3 a5 10. Bb2 a4 11. Nxe5 axb3 12. axb3 Rxa1+ 13. Bxa1 O-O 14. O-O Nxe5 15. Bxe5 Nd7 16. Bb2 f5 17. f4 Qe7 18. Kh2 Nf6 19. gxf5 Bxf5 20. e4 Re8 21. Be5 Bd7 22. Bf3 Nh7 23. exd5 Bd6 24. Nc4 Bxe5 25. Nxe5 Qh4 26. Bg2 Nf6 27. dxc6 Bxc6 28. Bxc6 bxc6 29. Qg2 Rc8 30. Ng6 Qh5 31. Ne7+ 1-0


[Site "https://www.chess.com"]

[Event "Titled Tuesday Blitz February 21 Late 2023"]
[White "Martynov, Pavel"]
[Black "Grigoriants, Sergey"]
[WhiteFideId "4101260"]
[BlackFideId "4130804"]
[WhiteElo "2414"]
[BlackElo "2562"]
[Result "1-0"]
[Round "11"]
[TimeControl "180+2"]
[Date "2023.02.21"]
[WhiteClock "0:01:04"]
[BlackClock "0:00:02"]

1. e4 c5 2. Nf3 Nc6 3. Bb5 e6 4. O-O Nge7 5. c3 d5 6. e5 Bd7 7. Re1 Nxe5 8. Nxe5 Bxb5 9. Na3 Bd7 10. Qh5 g6 11. Qf3 Nf5 12. Nc2 Bg7 13. d4 cxd4 14. Nxd4 Nd6 15. Nxf7 Nxf7 16. Nxe6 Bxe6 17. Rxe6+ Kf8 18. Be3 Kg8 19. Re1 Rc8 20. g3 Rc6 21. Bxa7 Rxe6 22. Rxe6 Ng5 23. Qe3 Kf7 24. Rb6 1-0


[Site "https://www.chess.com"]

[Event "Titled Tuesday Blitz February 21 Late 2023"]
[White "Yuan, Qingyu"]
[Black "Shapiro, Viktor"]
[WhiteFideId "8609772"]
[BlackFideId "4175700"]
[WhiteElo "2373"]
[BlackElo "2192"]
[Result "1-0"]
[Round "11"]
[TimeControl "180+2"]
[Date "2023.02.21"]
[WhiteClock "0:00:54"]
[BlackClock "0:00:57"]

1. e4 Nf6 2. e5 Nd5 3. d4 d6 4. c4 Nb6 5. exd6 cxd6 6. Nf3 Bg4 7. h3 Bh5 8. Nc3 e6 9. Be2 Be7 10. O-O O-O 11. b3 d5 12. c5 Bxf3 13. Bxf3 Nc8 14. b4 Nc6 15. Rb1 Bf6 16. Be3 N8e7 17. b5 Na5 18. Be2 Nf5 19. Qa4 Rc8 20. Bd3 Nxe3 21. fxe3 b6 22. c6 Bg5 23. Rf3 f5 24. Rbf1 a6 25. g4 g6 26. gxf5 gxf5 27. Kh1 axb5 28. Bxb5 Bf6 29. Rg1+ Kh8 30. Rfg3 Rc7 31. Ne2 Rg7 32. Nf4 Rxg3 33. Rxg3 Qd6 34. Qd1 Rg8 35. Rxg8+ Kxg8 36. Qh5 Qe7 37. c7 Qxc7 38. Qe8+ Kg7 39. Nxe6+ 1-0


[Site "https://www.chess.com"]

[Event "Titled Tuesday Blitz February 21 Late 2023"]
[White "Melian, Juan Sebastian"]
[Black "Stoyanov, Tsvetan"]
[WhiteFideId "3706575"]
[BlackFideId "2917173"]
[WhiteElo "2293"]
[BlackElo "2454"]
[Result "0-1"]
[Round "11"]
[TimeControl "180+2"]
[Date "2023.02.21"]
[WhiteClock "0:00:02"]
[BlackClock "0:00:40"]

1. d4 d5 2. c4 e6 3. Nc3 Nf6 4. Bg5 Bb4 5. e3 h6 6. Bh4 g5 7. Bg3 Ne4 8. Ne2 h5 9. f3 Nxg3 10. hxg3 dxc4 11. a3 Bd6 12. Qa4+ Nc6 13. Qxc4 Bd7 14. b4 a5 15. b5 Na7 16. Kf2 Nc8 17. e4 Nb6 18. Qd3 e5 19. a4 Qe7 20. Rd1 exd4 21. Nxd4 O-O-O 22. Qe3 h4 23. gxh4 Bf4 24. Qd3 gxh4 25. Nce2 Bd6 26. Nc3 Qg5 27. Be2 Qg3+ 28. Kf1 h3 0-1


[Site "https://www.chess.com"]

[Event "Titled Tuesday Blitz February 21 Late 2023"]
[White "Holt, Conrad"]
[Black "Fiorito, Francisco"]
[WhiteFideId "2034387"]
[BlackFideId "180165"]
[WhiteElo "2540"]
[BlackElo "2305"]
[Result "1-0"]
[Round "11"]
[TimeControl "180+2"]
[Date "2023.02.21"]
[WhiteClock "0:01:04"]
[BlackClock "0:00:02"]

1. d4 Nf6 2. c4 b6 3. f3 Nc6 4. d5 Ne5 5. e4 e6 6. Be3 Bc5 7. Bxc5 bxc5 8. f4 Ng6 9. e5 Ng8 10. Nh3 Rb8 11. b3 Bb7 12. Nc3 N8e7 13. Be2 O-O 14. O-O d6 15. dxe6 fxe6 16. Ng5 dxe5 17. Nxe6 Qxd1 18. Raxd1 Rf6 19. Nxc5 Rxf4 20. Nxb7 Rxb7 21. Bf3 Rb6 22. Rd7 c6 23. Rxa7 h6 24. g3 Rf6 25. Ne4 Rf7 26. Bh5 Rxf1+ 27. Kxf1 Rb8 28. Ke2 Rd8 29. Nc5 Rd6 30. a4 Nf5 31. a5 Nd4+ 32. Kf1 Rf6+ 33. Kg2 Nc2 34. a6 Ne3+ 35. Kh3 Nf8 36. Rf7 1-0


[Site "https://www.chess.com"]

[Event "Titled Tuesday Blitz February 21 Late 2023"]
[White "Pakleza, Zbigniew"]
[Black "Petukhov, Dmitry"]
[WhiteFideId "1119290"]
[BlackFideId "4142748"]
[WhiteElo "2494"]
[BlackElo "2350"]
[Result "1-0"]
[Round "11"]
[TimeControl "180+2"]
[Date "2023.02.21"]
[WhiteClock "0:00:05"]
[BlackClock "0:00:02"]

1. d4 Nf6 2. Nf3 g6 3. Bf4 Bg7 4. e3 O-O 5. Be2 d6 6. h3 Nbd7 7. O-O Re8 8. c4 c5 9. Nc3 b6 10. d5 a6 11. a4 Nf8 12. e4 h6 13. Re1 g5 14. Bh2 Ng6 15. e5 dxe5 16. Nxe5 Nxe5 17. Bxe5 Bf5 18. Bf3 Qd7 19. Qb3 Qa7 20. a5 bxa5 21. Rxa5 h5 22. Qa3 g4 23. hxg4 hxg4 24. Bd1 Nd7 25. Bxg7 Kxg7 26. Ne4 Bxe4 27. Rxe4 Nf6 28. Re5 Qc7 29. Qc3 Rh8 30. Bxg4 Kf8 31. Bh3 Rg8 32. Ra1 a5 33. Rae1 Re8 34. Qd2 Rg6 35. g3 a4 36. Bf5 Rg7 37. Bc2 Qb6 38. Bxa4 Ra8 39. b3 Ra7 40. Qh6 Kg8 41. Rxe7 Rxe7 42. Rxe7 Rg6 43. Qe3 Kg7 44. Qe5 Qb4 45. Be8 Qd2 46. Rxf7+ Kg8 47. Rxf6 Qd1+ 48. Kg2 1-0


[Site "https://www.chess.com"]

[Event "Titled Tuesday Blitz February 21 Late 2023"]
[White "Veiga, Jose Francisco R P Neves"]
[Black "Bilych, Olexiy"]
[WhiteFideId "1930087"]
[BlackFideId "14156504"]
[WhiteElo "2406"]
[BlackElo "2441"]
[Result "1-0"]
[Round "11"]
[TimeControl "180+2"]
[Date "2023.02.21"]
[WhiteClock "0:00:21"]
[BlackClock "0:00:13"]

1. d4 Nf6 2. Nf3 g6 3. Nc3 Bg7 4. e4 d6 5. h3 O-O 6. Be3 Nbd7 7. a4 e5 8. dxe5 Nxe5 9. Nxe5 dxe5 10. Bc4 Qe7 11. O-O Be6 12. Qe2 Rfd8 13. a5 a6 14. Rfd1 h5 15. Bg5 c6 16. Be3 Rxd1+ 17. Rxd1 Bxc4 18. Qxc4 Rd8 19. Rd3 Rxd3 20. cxd3 Nd7 21. f3 Nf8 22. Bc5 Qd7 23. Ne2 Ne6 24. Be3 Qd8 25. b4 Bf6 26. Kf1 Bg5 27. Bb6 Qd7 28. d4 Bf6 29. d5 cxd5 30. exd5 Ng7 31. Nc3 Nf5 32. Ne4 Be7 33. g4 hxg4 34. hxg4 Nd6 35. Qc7 Qxc7 36. Bxc7 Nxe4 37. fxe4 Bxb4 38. d6 f6 39. d7 Be7 40. d8=Q+ Bxd8 41. Bxd8 Kf7 42. Ke2 Ke6 43. Ke3 f5 44. g5 Kd7 45. Bf6 Ke6 46. Kd3 Kd6 47. Bd8 Kd7 48. Bb6 Kd6 49. Bg1 Ke6 50. Ba7 Kd7 51. Bb8 Ke6 52. Ke3 Kd7 53. Bxe5 Ke6 54. Kf4 fxe4 55. Kxe4 Kd7 56. Kd5 Kc8 1-0


[Site "https://www.chess.com"]

[Event "Titled Tuesday Blitz February 21 Late 2023"]
[White "Santos Flores, Alberto"]
[Black "Bjelobrk, Igor"]
[WhiteFideId "3601234"]
[BlackFideId "4300726"]
[WhiteElo "2164"]
[BlackElo "2403"]
[Result "0-1"]
[Round "11"]
[TimeControl "180+2"]
[Date "2023.02.21"]
[WhiteClock "0:00:04"]
[BlackClock "0:00:21"]

1. e4 e6 2. d4 d5 3. Nc3 Bb4 4. e5 b6 5. Qg4 Bf8 6. h4 h5 7. Qf4 Ne7 8. Nge2 Ba6 9. Bd2 c5 10. O-O-O Nbc6 11. g4 Ng6 12. Qe3 Nxh4 13. f4 hxg4 14. Qf2 Rh6 15. f5 Nxf5 16. Bxh6 gxh6 17. Ng3 Nxg3 18. Qxg3 Bxf1 19. Rhxf1 Qg5+ 20. Kb1 Nxd4 21. Rf4 h5 22. Rdf1 Nf5 23. Qd3 Rd8 24. Qb5+ Rd7 25. Qc6 Be7 26. Rxf5 exf5 27. Nxd5 g3 28. Nf6+ Bxf6 29. exf6 Qd2 30. Qc8+ Rd8 31. Qc6+ Kf8 32. Qf3 Qg5 33. b3 h4 34. Qe2 Qxf6 35. Qh5 f4 36. Qg4 Rd4 37. Qc8+ Kg7 38. Qg4+ Kh6 39. Rh1 f3 40. Qxg3 Rd1+ 0-1


[Site "https://www.chess.com"]

[Event "Titled Tuesday Blitz February 21 Late 2023"]
[White "Postma, Dinant"]
[Black "Oro, Faustino"]
[WhiteFideId "1018612"]
[BlackFideId "20000197"]
[WhiteElo "2131"]
[BlackElo "2269"]
[Result "1-0"]
[Round "11"]
[TimeControl "180+2"]
[Date "2023.02.21"]
[WhiteClock "0:00:05"]
[BlackClock "0:00:04"]

1. b3 Nf6 2. Bb2 e6 3. Nf3 Be7 4. g4 O-O 5. g5 Ne8 6. h4 d5 7. e3 c5 8. Nc3 Nc6 9. d4 cxd4 10. Nxd4 e5 11. Nxc6 bxc6 12. Qf3 Qa5 13. O-O-O Bb4 14. Na4 Bd6 15. Kb1 Be6 16. Bh3 Nc7 17. h5 Bxh3 18. Qxh3 Qa6 19. g6 h6 20. f4 f6 21. fxe5 fxe5 22. c4 Rad8 23. c5 Be7 24. Bxe5 Qb7 25. Rhf1 Qc8 26. Qxc8 Rxc8 27. Rxf8+ Bxf8 28. Rf1 Ne6 29. Rf7 Re8 30. Rxa7 Ng5 31. Bd4 Ne4 32. b4 Ng3 33. Nb6 Nxh5 34. b5 Re6 35. Ra8 Nf6 36. Bxf6 Rxf6 37. Nd7 Rf1+ 38. Kc2 Rf2+ 39. Kd3 h5 40. Rxf8+ Rxf8 41. Nxf8 Kxf8 42. b6 1-0


[Site "https://www.chess.com"]

[Event "Titled Tuesday Blitz February 21 Late 2023"]
[White "Fus, Jakub"]
[Black "Hernandez Sanchez, Elvis De La Caridad"]
[WhiteFideId "1193023"]
[BlackFideId "6400353"]
[WhiteElo "2417"]
[BlackElo "2243"]
[Result "1-0"]
[Round "11"]
[TimeControl "180+2"]
[Date "2023.02.21"]
[WhiteClock "0:00:40"]
[BlackClock "0:00:03"]

1. e4 c5 2. Nf3 d6 3. d4 cxd4 4. Qxd4 Nc6 5. Qe3 Nf6 6. Be2 g6 7. O-O Bg7 8. Rd1 O-O 9. h3 Qc7 10. Nc3 a6 11. Qf4 Nb4 12. a3 Nxc2 13. Ra2 b5 14. Qd2 Be6 15. Nd5 Nxe4 16. Nxc7 Nxd2 17. Nxe6 Nxf3+ 18. Bxf3 fxe6 19. Bxa8 Rxa8 20. b4 Rc8 21. Bg5 Nd4 22. Bxe7 d5 23. a4 Rc4 24. axb5 axb5 25. Bc5 Nc6 26. Ra6 Nxb4 27. Bxb4 Rxb4 28. Rxe6 Kf7 29. Rb6 d4 30. Rc1 Be5 31. g3 d3 32. Kf1 d2 33. Rd1 Bc3 34. Ke2 Rb3 35. Kd3 b4 36. Rb7+ Kf6 37. f4 Ra3 38. g4 h5 39. g5+ Kf5 40. Rf1 1-0


[Site "https://www.chess.com"]

[Event "Titled Tuesday Blitz February 21 Late 2023"]
[White "Ezat, Mohamed"]
[Black "Skvortsov, Andrei"]
[WhiteFideId "10600906"]
[BlackFideId "24108600"]
[WhiteElo "2402"]
[BlackElo "2313"]
[Result "1-0"]
[Round "11"]
[TimeControl "180+2"]
[Date "2023.02.21"]
[WhiteClock "0:00:50"]
[BlackClock "0:00:29"]

1. d4 Nf6 2. c4 g6 3. Nc3 Bg7 4. e4 O-O 5. Be2 d6 6. Bg5 c5 7. d5 a6 8. a4 e6 9. Qd2 exd5 10. exd5 Re8 11. Nf3 Nbd7 12. O-O Ne5 13. Nxe5 Rxe5 14. h3 Qc7 15. Bf4 Re8 16. Bd3 Nh5 17. Bh2 Be5 18. f4 Bd4+ 19. Kh1 Ng7 20. Rae1 Bd7 21. g4 Rxe1 22. Rxe1 Re8 23. f5 Rxe1+ 24. Qxe1 gxf5 25. gxf5 Bxf5 26. Ne4 Bxe4+ 27. Qxe4 f5 28. Qe2 Be5 29. Bg1 Qe7 30. Qg2 Qf6 31. b3 Kf8 32. Qf3 Kg8 33. Bf2 Qg5 34. Be3 Qg3 35. Qxg3 Bxg3 36. Kg2 Be5 37. Bh6 f4 38. Kf3 Nh5 39. Kg4 Nf6+ 40. Kf3 Nd7 41. Bf5 Nb6 42. Bg5 Na8 43. Bc8 b6 44. Bxa6 Kf7 45. Bb5 Nc7 46. Bd8 Ne8 47. Bxb6 Nf6 48. a5 h6 49. a6 1-0


[Site "https://www.chess.com"]

[Event "Titled Tuesday Blitz February 21 Late 2023"]
[White "Zhurbinsky, David"]
[Black "Bambino Filho, Antonio Carlos"]
[WhiteFideId "2072904"]
[BlackFideId "2113163"]
[WhiteElo "2045"]
[BlackElo "2144"]
[Result "0-1"]
[Round "11"]
[TimeControl "180+2"]
[Date "2023.02.21"]
[WhiteClock "0:00:05"]
[BlackClock "0:00:07"]

1. e4 c5 2. Nf3 e6 3. c4 a6 4. d4 cxd4 5. Nxd4 Qc7 6. a3 Nf6 7. Nc3 Be7 8. Be2 d6 9. Be3 O-O 10. O-O b6 11. Rc1 Bb7 12. f3 Nbd7 13. Qd2 Rac8 14. Rfd1 Qb8 15. Bf1 Rfd8 16. Qf2 Ne5 17. b3 d5 18. cxd5 Bxa3 19. Ra1 Rxc3 20. Rxa3 exd5 21. Qd2 Rcc8 22. Bg5 dxe4 23. Bxf6 gxf6 24. Qh6 Rxd4 25. Rxd4 Ng6 26. fxe4 Qe5 27. Qd2 Qc5 28. b4 Qe5 29. Bxa6 Bxa6 30. Rxa6 Rc1+ 31. Kf2 Rb1 32. Rxb6 Kg7 33. g3 Qh5 34. Kg2 Ne5 35. Qf2 Ng4 36. Qd2 Qxh2+ 37. Kf3 Ne5+ 38. Ke3 Qxg3+ 39. Ke2 Qf3# 0-1


[Site "https://www.chess.com"]

[Event "Titled Tuesday Blitz February 21 Late 2023"]
[White "Feng, Eric"]
[Black "Rego, Pedro Filipe"]
[WhiteFideId "30952590"]
[BlackFideId "1904310"]
[WhiteElo "1951"]
[BlackElo "2312"]
[Result "1-0"]
[Round "11"]
[TimeControl "180+2"]
[Date "2023.02.21"]
[WhiteClock "0:01:07"]
[BlackClock "0:00:06"]

1. d4 Nf6 2. c4 e6 3. Nf3 d5 4. g3 dxc4 5. Bg2 c5 6. O-O Nc6 7. Qa4 Bd7 8. Qxc4 b5 9. Qd3 c4 10. Qd1 Rc8 11. a3 Be7 12. Nc3 a6 13. e4 O-O 14. Qc2 Qb6 15. Rd1 Rfd8 16. e5 Nd5 17. Nxd5 exd5 18. Bg5 h6 19. Bxe7 Nxe7 20. Rac1 Bf5 21. Qd2 a5 22. Qf4 Qe6 23. Qd2 Nc6 24. Nh4 Bh7 25. f4 b4 26. axb4 axb4 27. Qf2 Ne7 28. Qd2 Rb8 29. h3 Nf5 30. Nxf5 Bxf5 31. g4 Bd3 32. f5 Qb6 33. Qf4 Ra8 34. Bf1 Bxf1 35. Rxf1 Ra2 36. Rf2 Rda8 37. h4 Ra1 38. f6 Rxc1+ 39. Qxc1 Qxd4 40. fxg7 Qxg4+ 41. Kf1 c3 42. bxc3 bxc3 43. Rg2 Qf5+ 44. Kg1 Rb8 45. Qxh6 Rb1+ 46. Kh2 Qxe5+ 47. Rg3 Rb2+ 48. Kh3 Qe6+ 49. Qxe6 fxe6 50. h5 c2 51. h6 Rb8 52. Rc3 Kh7 53. Rxc2 Kxh6 54. Rc6 Re8 55. Rxe6+ Kxg7 56. Rxe8 Kf6 57. Kg4 Kf7 58. Re1 Kf6 59. Kf3 1-0


[Site "https://www.chess.com"]

[Event "Titled Tuesday Blitz February 21 Late 2023"]
[White "Rios Escobar, Adan"]
[Black "Manelyuk, Daniil"]
[WhiteFideId "3403645"]
[BlackFideId "44173920"]
[WhiteElo "2234"]
[BlackElo "2302"]
[Result "1/2-1/2"]
[Round "11"]
[TimeControl "180+2"]
[Date "2023.02.21"]
[WhiteClock "0:00:36"]
[BlackClock "0:00:10"]

1. d4 Nf6 2. g3 c5 3. d5 b5 4. f3 d6 5. e4 Bd7 6. Nh3 g6 7. a4 bxa4 8. Nc3 Bg7 9. Bg2 O-O 10. O-O Na6 11. Nxa4 Rb8 12. Nc3 Qb6 13. Kh1 Nc7 14. Ra2 Nb5 15. Nxb5 Bxb5 16. Re1 Nd7 17. b3 a5 18. Bb2 a4 19. bxa4 Bc4 20. Bxg7 Kxg7 21. Qa1+ Kg8 22. a5 Qa6 23. Ra3 Rb4 24. f4 Rfb8 25. Qc3 Be2 26. Qd2 Rb1 27. Ra1 Rxa1 28. Rxa1 Rb2 29. Qc3 Rb4 30. e5 Rd4 31. e6 fxe6 32. dxe6 Nf6 33. Qb2 Rb4 34. Qc1 Bc4 35. c3 Rb5 36. Bf1 Qa8+ 37. Kg1 Bxf1 38. Qxf1 Rxa5 39. Qb1 Rxa1 40. Qxa1 Qxa1+ 41. Kg2 Qb2+ 42. Nf2 Qxc3 43. h4 Qd2 44. h5 Ng4 45. Kh3 Qxf2 46. Kxg4 Qd4 47. hxg6 hxg6 48. Kg5 Qf6+ 49. Kg4 Qxe6+ 50. Kf3 Qf5 51. g4 Qd5+ 52. Kg3 Qf7 53. Kh3 Qg7 54. Kh4 Kf7 55. Kg5 d5 56. f5 d4 57. fxg6+ Qxg6+ 58. Kf4 Ke6 59. g5 Qf5+ 60. Kg3 Qxg5+ 61. Kf3 Qe5 62. Kf2 Qe3+ 63. Kg2 c4 64. Kh2 c3 65. Kg2 c2 66. Kh2 d3 67. Kg2 d2 68. Kh2 Kd5 69. Kg2 Kd4 70. Kh2 Kd3 71. Kg2 e6 72. Kh2 e5 73. Kg2 e4 74. Kh2 Qd4 75. Kg2 e3 76. Kh2 Qe4 77. Kh3 e2 78. Kg3 Ke3 79. Kh3 Kf3 80. Kh2 Qh7+ 81. Kg1 Qg6+ 82. Kh2 Qg1+ 83. Kh3 Qh2+ 84. Kxh2 e1=Q 85. Kh3 Qe6+ 86. Kh4 Qf6+ 87. Kh5 Qg5+ 88. Kxg5 d1=B 89. Kh6 c1=N 90. Kg6 Nd3 91. Kf5 Bb3 92. Kf6 Kf4 93. Ke7 Ke5 94. Kf8 Be6 95. Kg7 Nf4 96. Kh6 Kf6 97. Kh7 Bf5+ 98. Kg8 Bg6 99. Kh8 Nh5 100. Kg8 Bf5 101. Kh8 Kg6 102. Kg8 Ng7 103. Kh8 Nh5 104. Kg8 Be4 105. Kh8 Kh6 106. Kg8 Nf6+ 107. Kh8 Ng4 108. Kg8 Bd5+ 109. Kh8 Kg5 110. Kg7 Kf5 111. Kh7 Nf6+ 112. Kh8 Ne8 113. Kh7 Kf6 114. Kh8 Nd6 115. Kh7 Kf7 116. Kh8 Nf5 117. Kh7 Ne7 118. Kh8 Ng6+ 119. Kh7 Kf6 120. Kh6 Nf8 121. Kh5 Be6 122. Kh6 Bf5 123. Kh5 Ne6 124. Kh6 Ke5 125. Kh5 Kf4 126. Kh6 Be4 127. Kh5 Kf5 128. Kh6 Kf6 129. Kh5 Bf3+ 130. Kh6 Be4 131. Kh5 Bh7 132. Kh6 Bf5 133. Kh5 Ng7+ 134. Kh6 Bc2 1/2-1/2


[Site "https://www.chess.com"]

[Event "Titled Tuesday Blitz February 21 Late 2023"]
[White "Nasuta, Grzegorz"]
[Black "Poliakova, Varvara"]
[WhiteFideId "1141686"]
[BlackFideId "13518313"]
[WhiteElo "2552"]
[BlackElo "2010"]
[Result "0-1"]
[Round "11"]
[TimeControl "180+2"]
[Date "2023.02.21"]
[WhiteClock "0:00:02"]
[BlackClock "0:01:07"]

1. d4 f5 2. Bg5 d6 3. Nc3 h6 4. Bd2 e5 5. e4 f4 6. Qh5+ Kd7 7. dxe5 Qe8 8. Qg4+ Kd8 9. Qxf4 dxe5 10. Qe3 Nf6 11. O-O-O Bd7 12. Bc4 Bd6 13. h3 Kc8 14. Nf3 Nc6 15. Nd5 Be6 16. Kb1 a6 17. Bc3 Rb8 18. Bb3 b5 19. Nxf6 gxf6 20. Bxe6+ Qxe6 21. b3 Kb7 22. Nh4 Rbg8 23. g3 h5 24. Nf5 Rd8 25. Rd2 b4 26. Bb2 Bc5 27. Qe2 Rxd2 28. Qxd2 Rd8 29. Qe2 Na7 30. Qxh5 Rd2 31. Qf3 Rxf2 32. Qd3 Nb5 33. h4 Bf8 34. h5 Qc6 35. h6 Rxf5 36. h7 Bg7 37. a4 Nd6 0-1


[Site "https://www.chess.com"]

[Event "Titled Tuesday Blitz February 21 Late 2023"]
[White "Aradhya, Garg"]
[Black "Pino Perez, Lazaro"]
[WhiteFideId "25006746"]
[BlackFideId "3517055"]
[WhiteElo "2284"]
[BlackElo "2142"]
[Result "1/2-1/2"]
[Round "11"]
[TimeControl "180+2"]
[Date "2023.02.21"]
[WhiteClock "0:00:58"]
[BlackClock "0:00:04"]

1. d4 d5 2. c4 e6 3. Nf3 Nf6 4. Nc3 Be7 5. Bf4 O-O 6. e3 Nbd7 7. Be2 c6 8. O-O dxc4 9. Bxc4 b5 10. Bd3 Nh5 11. Ne5 Nxf4 12. Nxc6 Qe8 13. Nxe7+ Qxe7 14. exf4 a6 15. d5 Bb7 16. Re1 Nf6 17. dxe6 fxe6 18. Qe2 Kh8 19. Qxe6 Qb4 20. g3 Qxb2 21. Qb3 Qxb3 22. axb3 Rac8 23. Ne4 Rfe8 24. Nd6 Rxe1+ 25. Rxe1 Rc3 26. Nxb7 Rxd3 27. Nc5 Rc3 28. Nxa6 Rxb3 29. Kg2 h6 30. Rc1 Rb2 31. Kf3 Rb3+ 32. Kg2 Rb2 33. Nc5 b4 34. h3 Nd5 35. Ne4 b3 36. Rc8+ Kh7 37. Rb8 Ne3+ 38. Kf3 Nc4 39. Rb4 Na5 40. Rb5 Nc4 41. h4 Rb1 42. Nc3 Rc1 43. Ne2 Rc2 44. Nd4 Rc3+ 45. Ke4 b2 46. Kd5 Rc1 47. Ne2 b1=Q 48. Rxb1 Rxb1 49. Kxc4 Rf1 50. Kd3 Rxf2 51. Ke3 Rf1 52. Nd4 Ra1 53. f5 Ra3+ 54. Kf4 Ra4 55. Ke5 Ra3 56. Kf4 Ra4 57. Ke5 Ra3 58. Kf4 1/2-1/2


[Site "https://www.chess.com"]

[Event "Titled Tuesday Blitz February 21 Late 2023"]
[White "Solon, Nathan"]
[Black "Przybylski, Wojciech"]
[WhiteFideId "2017229"]
[BlackFideId "1117599"]
[WhiteElo "2306"]
[BlackElo "2321"]
[Result "0-1"]
[Round "11"]
[TimeControl "180+2"]
[Date "2023.02.21"]
[WhiteClock "0:00:04"]
[BlackClock "0:00:42"]

1. Nf3 Nf6 2. g3 e6 3. Bg2 d5 4. O-O Be7 5. c4 O-O 6. b3 a5 7. Nc3 c6 8. d4 Nbd7 9. Bb2 Rb8 10. Qc2 b5 11. e4 bxc4 12. e5 cxb3 13. axb3 Ne4 14. Nxe4 dxe4 15. Nd2 c5 16. Nxe4 cxd4 17. Bxd4 Bb7 18. Rfd1 Bd5 19. Nd2 Bxg2 20. Kxg2 Qc8 21. Qxc8 Rfxc8 22. Rxa5 Bb4 23. Ra7 Nc5 24. Bxc5 Bxc5 25. Rd7 h5 26. Ne4 Bf8 27. Ng5 Rxb3 28. Rxf7 Rb2 29. Rdd7 Re8 30. h4 Re2 31. Nf3 Re4 32. Rb7 Ra8 33. Rfc7 Re2 34. Ng5 Rxe5 35. Rc6 Re8 36. Rbb6 Bc5 37. Rb5 Bd4 38. Rxe5 Bxe5 39. Nxe6 Bf6 40. f4 Kf7 41. f5 Ra8 42. Nf4 Ra5 43. Rc7+ Kg8 44. Nxh5 Bd4 45. g4 Ra3 46. Rd7 Be5 47. g5 Ra4 48. f6 gxf6 49. Nxf6+ Kf8 50. Nh7+ Ke8 51. Rb7 Rxh4 52. g6 Rh6 0-1


[Site "https://www.chess.com"]

[Event "Titled Tuesday Blitz February 21 Late 2023"]
[White "Manukyan, Sargis V."]
[Black "Aydincelebi, Kagan"]
[WhiteFideId "13303465"]
[BlackFideId "6361102"]
[WhiteElo "2253"]
[BlackElo "2280"]
[Result "0-1"]
[Round "11"]
[TimeControl "180+2"]
[Date "2023.02.21"]
[WhiteClock "0:00:07"]
[BlackClock "0:00:10"]

1. Nf3 c5 2. g3 Nc6 3. d4 cxd4 4. Nxd4 Nf6 5. Bg2 g6 6. O-O Bg7 7. c4 O-O 8. Nc3 Nxd4 9. Qxd4 d6 10. b3 Ne4 11. Qxe4 Bxc3 12. Bh6 Bxa1 13. Bxf8 Bf6 14. Bh6 Rb8 15. Qd3 Qa5 16. Qd2 Qa3 17. Be3 Be6 18. Rd1 b5 19. cxb5 Rxb5 20. Rc1 Qa5 21. Bc6 Qxd2 22. Bxd2 Rb8 23. e4 Kf8 24. Bh6+ Bg7 25. Bd2 Bg4 26. Kg2 Bd4 27. f3 Be6 28. Bh6+ Kg8 29. Kf1 f6 30. Bd2 Kf7 31. Ke2 h5 32. Kd3 Bb6 33. Bd5 Rh8 34. Be3 Rb8 35. Rc4 Bxe3 36. Kxe3 Rb5 37. Kd4 g5 38. Ra4 a5 39. Rc4 h4 40. f4 gxf4 41. gxf4 Rb8 42. Ra4 Rg8 43. Rxa5 Rg2 44. h3 Rh2 45. a4 Rxh3 46. Rb5 Bxd5 47. Kxd5 Rf3 48. Rb8 Kg7 49. b4 h3 50. Rc8 Rxf4 51. Rc1 f5 52. exf5 Rxb4 53. Ke6 Re4+ 54. Kd7 Kf6 55. Rf1 Rxa4 56. Rh1 Ra3 57. Re1 d5 58. Rd1 h2 59. Rh1 Rh3 60. Kc6 d4 61. Kd5 d3 62. Rxh2 Rxh2 0-1


[Site "https://www.chess.com"]